 Dungeon Crawl Stone Soup version 0.29-a0-284-gf9362112df (webtiles) character file.

Game seed: 6949053539164776520

27 sylnyx the Skirmisher (level 2, -2/24 HPs)
             Began as a Demonspawn Monk on Mar 24, 2022.
             Was the Champion of Ignis.
             Slain by a kobold
             ... wielding a +0 club
              (3 damage)
             ... on level 1 of the Dungeon.
             The game lasted 00:02:12 (958 turns).

sylnyx the Skirmisher (Demonspawn Monk)              Turns: 958, Time: 00:02:12

Health: -2/24      AC:  4    Str: 11    XL:     2   Next: 93%
Magic:  2/2        EV: 13    Int: 11    God:    Ignis [******]
Gold:   56         SH:  0    Dex: 15    Spells: 1/1 levels left

rFire   + . .      SeeInvis .   a - +0 spear
rCold   . . .      Faith    .   (no shield)
rNeg    . . .      Spirit   .   b - +0 robe
rPois   .          Reflect  .   (no helmet)
rElec   .          Harm     .   (no cloak)
rCorr   .          Rampage  .   (no gloves)
Will    .....                   (no boots)
Stlth   ++........              (no amulet)
HPRegen 0.08/turn               (no ring)
MPRegen 0.08/turn               (no ring)

@: no status effects
A: yellow scales 1
a: Renounce Religion, Fiery Armour, Foxfire Swarm, Rising Flame


You were on level 1 of the Dungeon.
You worshipped Ignis.
Ignis was exalted by your worship.
You visited 1 branch of the dungeon, and saw 1 of its levels.

You collected 56 gold pieces.

Inventory:

Hand Weapons
 a - a +0 spear (weapon)
Armour
 b - a +0 robe (worn)
Scrolls
 d - a scroll of identify {unknown}
 e - a scroll of blinking {unknown}
Potions
 c - a potion of ambrosia


   Skills:
 + Level 3.3 Fighting
 + Level 3.1 Polearms
 + Level 3.0 Dodging
 + Level 2.0 Stealth


You had one spell level left.
You didn't know any spells.
Your spell library was empty.

Dungeon Overview and Level Annotations

Branches:
Dungeon (1/15)

Altars:
Ignis


Innate Abilities, Weirdness & Mutations

You are partially covered in yellow scales. (AC +2)


Message History

The kobold hits you with a +0 club. The kobold hits you with a +0 club.
The kobold hits you but does no damage. The kobold hits you but does no damage.
The kobold hits you but does no damage. The kobold hits you but does no damage.
The kobold completely misses you. The kobold hits you with a +0 club.
The kobold closely misses you. The kobold hits you with a +0 club.
The kobold hits you but does no damage. The kobold misses you.
The kobold hits you but does no damage. The kobold hits you with a +0 club.
The kobold hits you with a +0 club. The kobold barely misses you.
The kobold hits you with a +0 club. The kobold hits you with a +0 club.
The kobold hits you but does no damage. The kobold hits you but does no damage.
The kobold hits you but does no damage. The kobold hits you with a +0 club.
The kobold barely misses you. The kobold hits you with a +0 club.
* * * LOW HITPOINT WARNING * * *
The kobold hits you with a +0 club.
* * * LOW HITPOINT WARNING * * *
The kobold misses you. The kobold closely misses you.
The kobold hits you with a +0 club.
* * * LOW HITPOINT WARNING * * *
The kobold closely misses you. The kobold barely misses you.
The kobold barely misses you. The kobold completely misses you.
The kobold barely misses you. The kobold hits you with a +0 club.
* * * LOW HITPOINT WARNING * * *
The kobold hits you with a +0 club.
You die...

..........#.#.
.............#......###.
..............#......#...
..............#......####
..............#......'..'
#.......$....#......####
#............#......# #
#.......K....#......# #
########..@.#####......####
#............##........#..+
#.....................##.##
#.....................##'##
#..........................
#.................#........
#.................#........
#.................+......#.
#......†..†...... #......##


You could see a kobold.

Vanquished Creatures
  3 dart slugs (D:1)
  A ball python (D:1)
  3 endoplasms (D:1)
  A giant cockroach (D:1)
  A goblin (D:1)
  A hobgoblin (D:1)
  2 quokkas (D:1)
  2 bats (D:1)
  A frilled lizard (D:1)
  3 kobolds (D:1)
  2 rats (D:1)
20 creatures vanquished.

Notes
Turn   | Place    | Note
-------+----------+-------------------------------------------
     0 | D:1      | sylnyx the Demonspawn Monk began the quest for the Orb.
     0 | D:1      | Reached XP level 1. HP: 18/18 MP: 1/1
   303 | D:1      | Gained mutation: You are partially covered in yellow
                  | scales. (AC +2) [demonic ancestry]
   303 | D:1      | Reached XP level 2. HP: 24/24 MP: 2/2
   303 | D:1      | Found a faded altar of an unknown god.
   522 | D:1      | Prayed at the altar of an unknown god.
   522 | D:1      | Became a worshipper of Ignis, the Dying Flame
   522 | D:1      | Reached ****** piety under Ignis
   957 | D:1      | HP: 1/24 [kobold/+0 club (3)]
   958 | D:1      | Slain by a kobold

Illustrated notes

Levels and vault maps discovered:
D:1:      wander_arrival_chamber, layout_basic, basic_ecumenical_altar,
          serial_bayou_pond_a

Skill      XL: |  1  2 |
---------------+-------+-----
Polearms       | 3 |  3.1
Dodging        | 3 |  3.0
Stealth        | 2 |  2.0
Fighting       | |  3.3

Action                   || total
-------------------------++-------
Melee: Spear             ||    76
       Punch             ||     1
 Stab: Sleeping          ||     2
Armor: Robe              ||    62
Dodge: Dodged            ||    78

Table legend: (Time is in decaauts)
 A = Elapsed time spent in this place.
 B = Non-inter-level travel time spent in this place.
 C = Inter-level travel time spent in this place.
 D = Time resting spent in this place.
 E = Time spent auto-exploring this place.
 F = Levels seen in this place.
 G = Mean time per level.
                   A        B        C        D        E       F      G
               +--------+--------+--------+--------+--------+-----+--------+
         Total |    955 |    955 |      0 |    344 |    281 |   1 |  955.0 |
       Dungeon |    955 |    955 |      0 |    344 |    281 |   1 |  955.0 |
               +--------+--------+--------+--------+--------+-----+--------+

Top non-repeatable levels by time:
     D:1: 955 daAuts
